 Dungeon Crawl Stone Soup version 0.20.1-1-g8b1a95d (webtiles) character file.

103 letownia2 the Grave Robber (level 4, -3/36 HPs)
             Began as a Deep Dwarf Necromancer on Nov 20, 2017.
             Slain by an ogre
             ... wielding a +0 giant club
              (19 damage)
             ... on level 4 of the Dungeon.
             The game lasted 00:02:58 (1266 turns).

letownia2 the Grave Robber (Deep Dwarf Necromancer) Turns: 1266, Time: 00:02:59

Health: -3/36      AC:  5    Str: 15    XL:     4   Next: 51%
Magic:  0/7        EV: 11    Int: 16    God:
Gold:   87         SH:  0    Dex: 13    Spells: 3/7 levels left

rFire    . . .     SeeInvis .   a - +0 short sword
rCold    . . .     Gourm    .   (no shield)
rNeg     . . .     Faith    .   g - +0 ring mail
rPois    .         Spirit   .   (no helmet)
rElec    .         Reflect  .   (no cloak)
rCorr    .         Harm     .   (no gloves)
MR       .....                  (no boots)
Stlth    +.........             (no amulet)
Regen    0.0/turn               m - +3 ring of strength
MPRegen  0.1/turn               (no ring)

@: non-regenerating
A: damage resistance, heal wounds, sense surroundings 1, no regeneration
a: Heal Wounds


You were on level 4 of the Dungeon.
You were hungry.

You visited 1 branch of the dungeon, and saw 4 of its levels.

You collected 87 gold pieces.

Inventory:

Hand Weapons
 a - a +0 short sword (weapon)
Armour
 g - a +0 ring mail (worn)
Jewellery
 m - a +3 ring of strength (left hand)
Wands
 f - a wand of digging (17/24)
 k - a wand of lightning (5/15)
Scrolls
 e - 2 scrolls of fear {unknown}
 l - a scroll of fog {unknown}
 n - a scroll of amnesia {unknown}
 o - a scroll of teleportation {unknown}
Potions
 h - a potion of lignification {unknown}
 i - a potion of heal wounds {unknown}
 p - a potion of flight {unknown}
Books
 b - a book of Necromancy

   Spells                             Type                      Level
   a - Pain                           Necromancy                   1
   b - Animate Skeleton               Necromancy                   1
   c - Vampiric Draining              Necromancy                   3
   d - Regeneration                   Charms/Necromancy            3
   e - Animate Dead                   Necromancy                   4
   f - Control Undead                 Necromancy                   4
 j - a book of Cantrips

   Spells                             Type                      Level
   a - Confusing Touch                Hexes                        1
   b - Animate Skeleton               Necromancy                   1
   c - Summon Small Mammal            Summoning                    1
   d - Apportation                    Translocation                1
Comestibles
 c - 2 bread rations
 d - 4 chunks of flesh


   Skills:
 - Level 2.1 Dodging
 - Level 2.4 Stealth
 - Level 2.1 Spellcasting
 + Level 6.4 Necromancy


You had 3 spell levels left.
You knew the following spells:

 Your Spells              Type           Power        Failure   Level  Hunger
a - Pain                  Necr           ###.         3%          1    #......
v - Vampiric Draining     Necr           ###.......   9%          3    ###....


Dungeon Overview and Level Annotations

Branches:
Dungeon (4/15)
 Temple: D:4-7

Altars:
Makhleb
Ru

Annotations:
D:4 letownia2's ghost, weakling DDNe


Innate Abilities, Weirdness & Mutations

You are resistant to damage.
You can heal yourself by infusing magical energy.
You passively map a small area around you.
You do not regenerate.


Message History

The ogre is severely wounded.
You feel life coursing into your body.
Unknown command.
Unknown command.
Casting: Vampiric Draining
Confirm with . or Enter, or press ? or * to list all spells.
Aiming: Pain
Press: ? - help, Shift-Dir - straight line, f/p - ogre
Aim: an ogre, wielding a giant club (severely wounded, chance to defeat MR: 81%)
The ogre writhes in agony!
The ogre closely misses you.
Unknown command.
Unknown command.
Casting: Pain
Confirm with . or Enter, or press ? or * to list all spells.
Aiming: Pain
Press: ? - help, Shift-Dir - straight line, f/p - ogre
Aim: an ogre, wielding a giant club (almost dead, chance to defeat MR: 81%)
The ogre writhes in agony!
The ogre hits you with a giant club!!
Ouch! That really hurt!
You die...

#.# ##.# * , ,
#.#,..!. # ,
#.#.##.##.#,*
##.#.#...#.#.#W
......._....... **
#.# #...# #, ,
#.#.##.##.#,*
#O#.......#,
,#@####.####.# * *
#...W.......#
######.###########
...................
###################


You could see an ogre and letownia2's ghost.

Vanquished Creatures
  2 hounds (D:4)
  2 adders
  An adder skeleton (D:4)
  4 dart slugs
  A leopard gecko (D:4)
  A goblin (D:2)
  A hobgoblin (D:2)
  2 kobolds
  A ball python (D:4)
  2 bats (D:2)
  A frilled lizard (D:3)
  A leopard gecko skeleton (D:4)
  A rat (D:1)
20 creatures vanquished.

Notes
Turn   | Place    | Note
-------+----------+-------------------------------------------
     0 | D:1      | letownia2 the Deep Dwarf Necromancer began the quest for the Orb.
     0 | D:1      | Reached XP level 1. HP: 15/15 MP: 3/3
   251 | D:1      | Reached XP level 2. HP: 7/22 MP: 0/5
   440 | D:2      | Found a burning altar of Makhleb.
   544 | D:2      | Reached skill level 5 in Necromancy
   655 | D:4      | Reached XP level 3. HP: 8/28 MP: 0/6
   666 | D:4      | Learned a level 3 spell: Vampiric Draining
  1012 | D:3      | Reached XP level 4. HP: 21/36 MP: 0/7
  1094 | D:4      | Reached skill level 6 in Necromancy
  1174 | D:4      | Found a sacrificial altar of Ru.
  1250 | D:4      | Noticed letownia2's ghost (weakling DDNe)
  1257 | D:4      | Noticed an ogre
  1266 | D:4      | Slain by an ogre

Skill      XL: |  1  2  3  4 |
---------------+-------------+-----
Spellcasting   | 2 |  2.1
Necromancy     | 5 6 |  6.4
Dodging        | |  2.1
Stealth        | |  2.4

Action                   |  1- 3 |  4- 6 || total
-------------------------+-------+-------++-------
Melee: Short sword       |    15 |       ||    15
 Cast: Pain              |    27 |     8 ||    35
       Vampiric Draining |     4 |     4 ||     8
  Eat: Chunk             |     1 |     1 ||     2
Armor: Ring mail         |     9 |     2 ||    11
Dodge: Dodged            |    18 |     3 ||    21
